Map: New Repugnancy LE

Players

Kukuuu

  • Race: Terran Terran
  • League: Master
  • Spawn Location: 1:00

ganahal - Winner!

  • Race: Terran Terran
  • League: Master
  • Spawn Location: 7:00

VOD

Have the link to the VOD?

Description

Time

  • Played on: May 25, 2019, 8:51 a.m.
  • Length: 6:26
Show
View Real Time Build Order
Export as new Build Order

Kukuuu Terran 

Build Orders: Gas First Reaper Expand 

Get SALT Encoding   

  12  0:01  SCV  
  13  0:13  SCV  
  14  0:17  Supply Depot  
  14  0:25  SCV  
  14  0:28  Refinery  
  15  0:39  SCV  
  16  0:45  Barracks  
  16  0:51  SCV  
  17  1:03  SCV  
  18  1:15  SCV  
  19  1:33  Reaper  
  19  1:34  Orbital Command  
  20  1:48  Command Center  
  20  2:01  Factory  
  20  2:02  SCV  
  20  2:07  Barracks Reactor  
  21  2:14  Refinery  
  21  2:17  SCV  
  21  2:22  Supply Depot  
  22  2:29  SCV  
  23  2:43  SCV  
  24  2:49  Starport  
  24  2:51  Hellion  
  24  2:52  Hellion  
  24  2:56  SCV  
  29  3:04  Orbital Command  
  30  3:13  Refinery  
  30  3:14  Hellion  
  30  3:19  Hellion  
  33  3:27  Barracks Tech Lab  
  33  3:28  Medivac  
  33  3:30  SCV  
  33  3:33  SCV  
  37  3:43  SCV  
  37  3:45  SCV  
  39  3:55  SCV, Factory Tech Lab  
  40  3:57  Marine x2, Supply Depot, SCV  
  43  4:10  SCV  
  44  4:18  Marine x2  
  44  4:19  SCV, Raven  
  49  4:24  Siege Tank  
  49  4:30  SCV  
  53  4:34  Command Center  
  53  4:38  Marine x2  
  51  4:39  SCV  
  54  4:46  Supply Depot  
  54  4:48  SCV  
  55  4:56  Marine, Engineering Bay  
  55  4:58  Engineering Bay  
  55  4:59  SCV  
  57  5:02  SCV  
  53  5:11  SCV, Cyclone  
  54  5:18  Marine x2  
  54  5:19  Raven  
  55  5:28  SCV  
  54  5:36  Marine  
  54  5:37  Marine  
  54  5:41  SCV  
  54  5:52  SCV  
  54  5:54  SCV, Cyclone  
  54  5:55  Marine  
  51  6:04  SCV  
  51  6:10  SCV  
Show
View Real Time Build Order
Export as new Build Order

ganahal Terran - Winner!

Build Orders: 1/1/1 

Get SALT Encoding   

  12  0:01  SCV  
  13  0:13  SCV  
  14  0:17  Supply Depot  
  14  0:25  SCV  
  14  0:28  Refinery  
  15  0:39  SCV  
  16  0:45  Barracks  
  16  0:51  SCV  
  17  1:03  SCV  
  18  1:06  Refinery  
  18  1:15  SCV  
  19  1:32  Orbital Command  
  19  1:36  Factory  
  19  1:40  Reaper  
  20  1:51  Supply Depot  
  20  1:58  SCV  
  21  2:10  SCV  
  21  2:12  Marine  
  23  2:20  Starport  
  23  2:23  SCV  
  23  2:24  Hellion  
  26  2:34  Marine, Supply Depot  
  26  2:36  SCV  
  28  2:42  Supply Depot  
  28  2:48  Hellion  
  30  2:51  SCV  
  30  2:55  Marine  
  32  3:05  Fusion Core  
  32  3:07  SCV  
  32  3:10  Starport Tech Lab  
  33  3:19  SCV  
  34  3:22  Marine, Hellion  
  37  3:31  SCV  
  38  3:49  Supply Depot  
  38  3:52  Battlecruiser  
  38  3:53  SCV  
  45  3:59  Weapon Refit  
  45  4:11  SCV  
  45  4:13  Marine, Hellion  
  49  4:23  SCV  
  50  4:38  SCV  
  50  4:40  Marine, Hellion  
  54  4:47  Supply Depot  
  54  5:08  Battlecruiser  
  50  5:22  Hellion  
  50  5:23  Marine  
  50  5:24  SCV  
  54  5:28  Command Center  
  55  5:50  SCV  
  55  5:51  Marine  
  55  5:56  Hellion  
  58  5:58  Supply Depot  
Tags
 
Add a new tag
Caveats
  • Supply blocks, unpowered buildings, or Contaminate may cause inaccurate times.
  • Supply counts are checked every 10 seconds.